 Dungeon Sprint DCSS version 0.29-a0-284-gf9362112df (webtiles) character file.

Game seed: 3125204917459525414

42123 mhtbhm the Axe Maniac (level 13, -4/210 HPs)
             Began as a Minotaur Berserker on Mar 16, 2022.
             Was the Champion of Trog.
             Slain by an iron golem (13 damage)
             ... in the Dungeon (Sprint III: "The Ten Rune Challenge").
             The game lasted 00:10:43 (6378 turns).

mhtbhm the Axe Maniac (Minotaur Berserker)          Turns: 6378, Time: 00:10:44

Health: -4/210     AC: 21    Str: 27    XL:     13   Next: 83%
Magic:  12/12      EV: 10    Int:  4    God:    Trog [******]
Gold:   4252       SH: 15    Dex: 10    Spells: 12/12 levels left

rFire   + + .      SeeInvis .   y - +13 broad axe of Cuophan {vorpal, rF+ rC+}
rCold   + + .      Faith    .   j - +5 kite shield "Rejas" {rF+}
rNeg    . . .      Spirit   .   b - +3 plate armour {rPois}
rPois   +          Reflect  .   (helmet restricted)
rElec   .          Harm     .   x - scarf {shadows}
rCorr   +          Rampage  .   (no gloves)
Will    .....      NoTele   +   (no boots)
Stlth   ..........              (no amulet)
HPRegen 0.45/turn               i - ring of resist corrosion
MPRegen 0.13/turn               u - ring of flight

@: berserking, flying, very quick
A: horns 2, retaliatory headbutt, cold resistance 1, frail 1, poison resistance
a: Renounce Religion, Berserk, Trog's Hand, Brothers in Arms


You were in the Dungeon.
You worshipped Trog.
Trog was exalted by your worship.
You visited 1 branch You collected 4812 gold pieces.
You spent 560 gold pieces at shops.

Inventory:

Hand Weapons
 a - a +8 executioner's axe of flaming
 s - the +7 battleaxe "Viubimir" {flame, *Slow +Blink Str+6}
   (Trog gifted it to you in the Dungeon)

   It burns those it strikes, dealing additional fire damage.
   Big, fiery blades are also staple armaments of hydra-hunters.
   Str:       It affects your strength (+6).
   +Blink:    It lets you blink.
   *Slow:     It may slow you when you take damage.
 y - the +13 broad axe of Cuophan (weapon) {vorpal, rF+ rC+}
   (Trog gifted it to you in the Dungeon)

   It inflicts extra damage upon your enemies.
   rF:        It protects you from fire.
   rC:        It protects you from cold.
 z - the +7 battleaxe of the Scorpion {vorpal, rC++}
   (Trog gifted it to you in the Dungeon)

   It inflicts extra damage upon your enemies.
   rC:        It greatly protects you from cold.
Missiles
 t - 5 javelins (quivered)
 A - 7 curare-tipped darts
Armour
 b - a +3 plate armour of poison resistance (worn)
 j - the +5 kite shield "Rejas" (worn) {rF+}
   (You bought it in a shop in the Dungeon)

   rF:        It protects you from fire.
 x - a scarf of shadows (worn)
Jewellery
 i - a ring of resist corrosion (left hand)
 u - a ring of flight (right hand)
 B - a ring of willpower
Wands
 q - a wand of digging (3)
 v - a wand of iceblast (6)
 w - a wand of acid (8)
Scrolls
 h - a scroll of blinking
 l - a scroll of torment
 m - 2 scrolls of identify
 o - 3 scrolls of immolation
Potions
 c - 5 potions of curing
 d - 4 potions of heal wounds
 e - 2 potions of haste
 f - 2 potions of magic
 g - a potion of berserk rage
 k - 2 potions of mutation
 n - 4 potions of flight
 p - a potion of attraction
Miscellaneous
 r - a piece from Xom's chessboard (15/15)


   Skills:
 + Level 26.2 Fighting
 O Level 27 Axes
 + Level 19.1 Armour
 + Level 10.7 Dodging
 + Level 4.4 Stealth
 + Level 9.2 Shields


You had 12 spell levels left.
You didn't know any spells.
Your spell library was empty.

Dungeon Overview and Level Annotations

Branches:
Dungeon (1/1)

Altars:
Cheibriados
Dithmenos
Elyvilon
Fedhas
Gozag
Hepliaklqana
Kikubaaqudgha
Makhleb
Nemelex Xobeh
Okawaru
Qazlal
Ru
Sif Muna
Trog
Uskayaw
Vehumet
Wu Jian
Xom
Yredelemnul
Zin
The Shining One
Beogh
Jiyva
Lugonu

Shops:
D ([[!![[!==(=:!!?=


Innate Abilities, Weirdness & Mutations

You have a pair of horns on your head.
You reflexively headbutt those who attack you in melee.
Your flesh is cold resistant. (rC+)
You are frail. (-10% HP)
Your system is resistant to poisons. (rPois)


Message History

Trog accepts your kill.
You slash the iron golem!
The iron golem hits you but does no damage.
You block the iron golem's attack.
You slice the iron golem!!
The iron golem is lightly damaged.
You block the iron golem's attack. The iron golem barely misses you.
You slice the iron golem!!
You headbutt the iron golem, but do no damage.
The iron golem is moderately damaged.
You slice the iron golem!!
The iron golem is moderately damaged.
The iron golem hits you!! x2
You are too injured to fight recklessly!
You are too injured to fight recklessly!
Unknown command.
A red film seems to cover your vision as you go berserk!
You feel yourself moving faster!
You feel mighty! The iron golem barely misses you. You furiously retaliate!
You headbutt the iron golem!! The iron golem hits you!
You hit the iron golem but do no damage.
You headbutt the iron golem, but do no damage.
The iron golem is heavily damaged.
The iron golem hits you!!
* * * LOW HITPOINT WARNING * * *
You block the iron golem's attack.
You slash the iron golem! Your headbutt misses the iron golem.
The iron golem is heavily damaged.
You slash the iron golem!
The iron golem is heavily damaged.
You block the iron golem's attack. The iron golem hits you!!
* * * LOW HITPOINT WARNING * * *
You chop the iron golem into pieces!!! You headbutt the iron golem!
The iron golem is severely damaged.
You slice the iron golem!! You headbutt the iron golem!
The iron golem is almost destroyed.
The iron golem hits you!!
* * * LOW HITPOINT WARNING * * *
The iron golem hits you!
You die...

∩.#.....#.#..#......#
∩.#...))#.#..#......#
..#.#.#.'.#..#......#
###..#..#.#..#......#
⌠.#)....###########'#
..#######****######.#
..#,,,,,+,,,,#..#≈≈.#
..#,******,,,#.)#≈≈.#
..#,,,+,,**,,#.9@...#
###,,,*,,,**,+..#≈≈.#
*******,,,,**#..#≈≈.#
*,*,,,,,,,,,,#..#≈≈.#
*,*+*********▓▓▓▓▓▓▓▓
,,*,^*,,,,,,,,,,^,,,*
*,*,,*,,,,,,,,,,,,,,*
*,*,,*,,**********,,*
***,,*,,*,,,,,,,,*,^*


You could see an iron golem.

Vanquished Creatures
  Boris (D)
  Chuck (D)
  Gastronok (D)
  Dowan (D)
  Roxanne (D)
  2 draconian knights (D)
  2 dire elephants (D)
  A fire dragon (D)
  A yaktaur captain (D)
  2 hydras (D)
  Erolcha (D)
  A centaur warrior (D)
  2 orc high priests (D)
  4 dancing weapons (D)
  Urug (D)
  3 deep elf knights (D)
  A skeletal warrior (D)
  A steelbarb worm (shapeshifter) (D)
  A death drake (D)
  A golden dragon zombie (D)
  A spectral iron dragon (D)
  A lindwurm (D)
  An obsidian statue (D)
  5 deep elf pyromancers (D)
  2 orc knights (D)
  3 ugly things (D)
  2 oklob plants (D)
  4 crystal guardians (D)
  A cyclops (shapeshifter) (D)
  A glowing shapeshifter (D)
  An orc sorcerer (D)
  2 elephants (D)
  A stone giant skeleton (D)
  4 statues (D)
  Duvessa (D)
  2 cane toads (D)
  A rime drake (D)
  A komodo dragon (D)
  An anaconda simulacrum (D)
  A queen bee (D)
  4 spriggan defenders (D)
  2 tyrant leeches (D)
  3 hornets (D)
  5 blink frogs (D)
  3 slime creatures (D)
  A snapping turtle (shapeshifter) (D)
  A shadow (D)
  5 redbacks (D)
  A spatial vortex (D)
  2 iron troll simulacra (D)
  3 hydra simulacra (D)
  An orc warrior (D)
  A swamp drake (D)
  A black mamba simulacrum (D)
  2 fire dragon simulacra (D)
  5 two-headed ogres (D)
  A necrophage (D)
  A water elemental (D)
  32 killer bees (D)
  An electric eel (D)
  A jelly (D)
  5 orc priests (D)
  A wizard (D)
  5 orc wizards (D)
  A necromancer (D)
  A kobold demonologist (D)
  3 humans (D)
  A phantom (D)
  3 wandering mushrooms (D)
  7 orcs (D)
  An endoplasm (D)
  3 rats (D)
  3 plants (D)
175 creatures vanquished.

Vanquished Creatures (others)
  A ballistomycete spore (D)
  2 bushes (D)
  9 plants (D)
12 creatures vanquished.

Grand Total: 187 creatures vanquished

Notes
Turn   | Place    | Note
-------+----------+-------------------------------------------
     0 | D        | mhtbhm the Minotaur Berserker began the quest for the Orb.
     0 | D        | Reached XP level 1. HP: 19/19 MP: 0/0
     6 | D        | Reached skill level 4 in Axes
    70 | D        | Reached ** piety under Trog
   142 | D        | Reached skill level 5 in Fighting
   142 | D        | Reached skill level 5 in Axes
   142 | D        | Reached XP level 2. HP: 29/29 MP: 1/1
   223 | D        | Gained mutation: You have hidden genetic potential. [potion
                  | of mutation]
   223 | D        | Gained mutation: You are frail. (-10% HP) [potion of
                  | mutation]
   256 | D        | Noticed a water elemental
   260 | D        | Killed a water elemental
   260 | D        | Reached *** piety under Trog
   261 | D        | Reached skill level 7 in Axes
   261 | D        | Reached XP level 3. HP: 34/34 MP: 2/2
   261 | D        | Reached XP level 4. HP: 40/40 MP: 3/3
   278 | D        | Gained mutation: Your flesh is cold resistant. (rC+)
                  | [hidden potential]
   300 | D        | Found a basalt altar of Yredelemnul.
   300 | D        | Found a shadowy altar of Dithmenos.
   300 | D        | Found a sacrificial altar of Ru.
   300 | D        | Noticed a necrophage
   307 | D        | Reached skill level 8 in Axes
   309 | D        | Killed a necrophage
   310 | D        | Reached skill level 9 in Axes
   310 | D        | Reached XP level 5. HP: 49/49 MP: 4/4
   324 | D        | Gained mutation: Your system is resistant to poisons.
                  | (rPois) [hidden potential]
   324 | D        | Lost mutation: You have hidden genetic potential. [hidden
                  | potential expressed]
   358 | D        | Found a radiant altar of Vehumet.
   358 | D        | Found a shimmering blue altar of Sif Muna.
   358 | D        | Found an ancient bone altar of Kikubaaqudgha.
   364 | D        | Noticed a sun demon
   364 | D        | Reached **** piety under Trog
   493 | D        | Found a glowing silver altar of Zin.
   493 | D        | Found a glowing golden altar of the Shining One.
   493 | D        | Found a white marble altar of Elyvilon.
   494 | D        | Noticed a deep elf pyromancer
   504 | D        | Killed a deep elf pyromancer
   505 | D        | Reached skill level 13 in Axes
   505 | D        | Reached XP level 6. HP: 37/61 MP: 5/5
   505 | D        | Reached XP level 7. HP: 40/66 MP: 6/6
   689 | D        | Found a hide-covered altar of Uskayaw.
   689 | D        | Found an iron altar of Okawaru.
   689 | D        | Found a bloodstained altar of Trog.
   689 | D        | Found an ornate altar of the Wu Jian Council.
   689 | D        | Noticed a human
   690 | D        | Noticed a human
   692 | D        | Killed a human
   697 | D        | Killed a human
   697 | D        | Reached ***** piety under Trog
   698 | D        | Reached skill level 14 in Axes
   763 | D        | Noticed a shadow
   765 | D        | Killed a shadow
   766 | D        | Reached XP level 8. HP: 76/76 MP: 7/7
   843 | D        | Found a blossoming altar of Fedhas.
   843 | D        | Found a stormy altar of Qazlal.
   843 | D        | Found a snail-covered altar of Cheibriados.
   843 | D        | Found a burning altar of Makhleb.
   843 | D        | Found a shimmering altar of Xom.
   844 | D        | Found a hazy altar of Hepliaklqana.
   844 | D        | Found an opulent altar of Gozag.
   844 | D        | Found a sparkling altar of Nemelex Xobeh.
   844 | D        | Found a corrupted altar of Lugonu.
   844 | D        | Found a viscous altar of Jiyva.
   969 | D        | Reached skill level 15 in Axes
  1025 | D        | Noticed a two-headed ogre
  1043 | D        | Killed a two-headed ogre
  1044 | D        | Reached skill level 1 in Stealth
  1091 | D        | Noticed a two-headed ogre
  1091 | D        | Noticed Erolcha
  1098 | D        | Killed a two-headed ogre
  1099 | D        | Reached skill level 16 in Axes
  1099 | D        | Reached XP level 9. HP: 86/86 MP: 8/8
  1107 | D        | Killed Erolcha
  1108 | D        | Reached skill level 15 in Fighting
  1108 | D        | Reached skill level 17 in Axes
  1110 | D        | Received a gift from Trog
  1362 | D        | Noticed a wandering mushroom
  1370 | D        | Noticed a wandering mushroom
  1372 | D        | Noticed a wandering mushroom
  1742 | D        | Killed a wandering mushroom
  1743 | D        | Reached skill level 18 in Axes
  1775 | D        | Noticed a cane toad
  1775 | D        | Noticed a komodo dragon
  1775 | D        | Noticed a cane toad
  1778 | D        | Killed a komodo dragon
  1780 | D        | Killed a cane toad
  1785 | D        | Killed a cane toad
  1785 | D        | Reached ****** piety under Trog
  1786 | D        | Reached skill level 19 in Axes
  1786 | D        | Reached XP level 10. HP: 90/96 MP: 9/9
  1914 | D        | Identified the +7 battleaxe "Viubimir" {flame, *Slow +Blink
                  | Str+6} (Trog gifted it to you in the Dungeon)
  1914 | D        | Received a gift from Trog
  2017 | D        | Noticed a lindwurm
  2020 | D        | Killed a lindwurm
  2022 | D        | Reached skill level 20 in Axes
  2028 | D        | Noticed Urug
  2033 | D        | Killed Urug
  2261 | D        | Noticed an eight-headed hydra
  2261 | D        | Noticed a four-headed hydra
  2269 | D        | Killed a one-headed hydra
  2269 | D        | Killed a five-headed hydra
  2270 | D        | Reached skill level 21 in Axes
  2270 | D        | Reached skill level 10 in Armour
  2270 | D        | Reached skill level 10 in Dodging
  2509 | D        | Noticed a death drake
  2512 | D        | Killed a death drake
  2512 | D        | Received a gift from Trog
  2642 | D        | Reached XP level 11. HP: 100/105 MP: 10/10
  3120 | D        | Received a gift from Trog
  3131 | D        | Reached skill level 22 in Axes
  3174 | D        | Noticed a dire elephant
  3174 | D        | Noticed a dire elephant
  3174 | D        | Noticed Gastronok
  3179 | D        | Killed a dire elephant
  3182 | D        | Killed a dire elephant
  3186 | D        | Received a gift from Trog
  3199 | D        | Killed Gastronok
  3200 | D        | Reached skill level 23 in Axes
  3389 | D        | Noticed an orc sorcerer
  3394 | D        | Noticed an orc knight
  3396 | D        | Noticed an orc high priest
  3397 | D        | Killed an orc sorcerer
  3397 | D        | Received a gift from Trog
  3398 | D        | Found Upsuoxt's Weapon Shoppe.
  3401 | D        | Killed an orc knight
  3401 | D        | Killed an orc high priest
  3403 | D        | Received a gift from Trog
  3408 | D        | Identified the +13 broad axe of Cuophan {vorpal, rF+ rC+}
                  | (Trog gifted it to you in the Dungeon)
  3408 | D        | Received a gift from Trog
  3600 | D        | Noticed a deep elf pyromancer
  3600 | D        | Noticed a deep elf pyromancer
  3600 | D        | Noticed a deep elf pyromancer
  3600 | D        | Noticed a deep elf knight
  3600 | D        | Noticed a deep elf pyromancer
  3607 | D        | Killed a deep elf pyromancer
  3608 | D        | Reached skill level 24 in Axes
  3608 | D        | Killed a deep elf knight
  3611 | D        | Killed a deep elf pyromancer
  3611 | D        | Identified the +7 battleaxe of the Scorpion {vorpal, rC++}
                  | (Trog gifted it to you in the Dungeon)
  3611 | D        | Received a gift from Trog
  3612 | D        | Killed a deep elf pyromancer
  3613 | D        | Reached XP level 12. HP: 107/118 MP: 11/11
  3769 | D        | Received a gift from Trog
  3777 | D        | Reached skill level 25 in Axes
  3779 | D        | Received a gift from Trog
  3788 | D        | Received a gift from Trog
  3795 | D        | Received a gift from Trog
  3865 | D        | Noticed Dowan
  3865 | D        | Noticed Duvessa
  3875 | D        | Killed Dowan
  3876 | D        | Killed Duvessa
  3876 | D        | Received a gift from Trog
  4052 | D        | Reached skill level 26 in Axes
  4063 | D        | Found Utretior's Antique Weapon Emporium.
  4063 | D        | Found Tabaleagg's Book Shop.
  4063 | D        | Found Heerhoib's Jewellery Boutique.
  4063 | D        | Found Coox's Jewellery Shoppe.
  4063 | D        | Found Omaijoqa's Jewellery Boutique.
  4063 | D        | Found Mut Ytt's Jewellery Emporium.
  4063 | D        | Found Ifockuka's Distillery.
  4063 | D        | Found Exta's Magic Scroll Shop.
  4063 | D        | Found Xuimuad's Distillery.
  4063 | D        | Found Kiughy's Antique Armour Emporium.
  4063 | D        | Found Woahiegu's Distillery.
  4107 | D        | Bought a translucent kite shield for 209 gold pieces
  4107 | D        | Identified the +5 kite shield "Rejas" {rF+} (You bought it
                  | in a shop in the Dungeon)
  4126 | D        | Bought 3 scrolls of identify for 66 gold pieces
  4133 | D        | Bought a ring of flight for 175 gold pieces
  4289 | D        | Paralysed by an air elemental for 1 turns
  4293 | D        | Paralysed by an air elemental for 1 turns
  4306 | D        | Received a gift from Trog
  4430 | D        | Noticed Boris
  4438 | D        | Reached skill level 1 in Shields
  4449 | D        | Killed Boris
  4449 | D        | Received a gift from Trog
  4450 | D        | Reached skill level 27 in Axes
  4450 | D        | Reached skill level 15 in Armour
  4451 | D        | Reached XP level 13. HP: 131/131 MP: 12/12
  4562 | D        | Found Kyc Dodu's Armour Emporium.
  4562 | D        | Found Ceufriol's Distillery.
  4562 | D        | Found Miuxkenn's Distillery.
  4562 | D        | Found Jiturib's Armour Shoppe.
  4663 | D        | Bought a potion of heal wounds for 55 gold pieces
  4663 | D        | Bought a potion of heal wounds for 55 gold pieces
  4667 | D        | Identified Roxanne's Papyrus of Moulding
  4667 | D        | Noticed Roxanne
  4679 | D        | Killed Roxanne
  4724 | D        | Found Himedab's Armour Boutique.
  4729 | D        | Identified the +4 hand axe of Tender Mercy {vorpal, rPois
                  | SInv} (Trog gifted it to you in the Dungeon)
  4729 | D        | Received a gift from Trog
  4865 | D        | Noticed a black draconian knight
  4865 | D        | Noticed a black draconian knight
  4874 | D        | Killed a black draconian knight
  4876 | D        | Killed a black draconian knight
  4876 | D        | Received a gift from Trog
  4883 | D        | Reached skill level 5 in Shields
  5407 | D        | Received a gift from Trog
  5455 | D        | Noticed a fire dragon
  5462 | D        | Killed a fire dragon
  5577 | D        | Received a gift from Trog
  5786 | D        | Received a gift from Trog
  5980 | D        | Noticed Chuck
  6096 | D        | Killed Chuck
  6365 | D        | Noticed an iron golem
  6378 | D        | HP: 9/210 [iron golem (19)]
  6378 | D        | Slain by an iron golem

Illustrated notes

Levels and vault maps discovered:
D:        dungeon_sprint_mu [sprint_mu_entry_forest, sprint_mu_temple_rooms,
          sprint_mu_d1_spiders, sprint_mu_d2_genie, sprint_mu_d3_branching,
          sprint_mu_orc_legion, sprint_mu_elf_gauntlet, sprint_mu_hive_nellie,
          sprint_mu_lair_fedhas, sprint_mu_vaults_butterflies,
          sprint_mu_slime_circle, sprint_mu_shoals_kraken,
          sprint_mu_snake_twists, sprint_mu_blade_basic,
          sprint_mu_crypt_fortress, sprint_mu_tomb_spiral,
          sprint_mu_vestibule_basic, sprint_mu_gehenna_hellfire,
          sprint_mu_dis_giant, sprint_mu_tartarus_statrot,
          sprint_mu_cocytus_islands, sprint_mu_zot1]

Skill      XL: |  1  2  3  4  5  6  7  8  9 10 11 12 13 |
---------------+----------------------------------------+-----
Fighting       | 5 6 8 11 12 14 16 17 19 22 26 | 26.2
Axes           | 5 7 9 13 14 16 19 21 24 27 | 27.0
Armour         | 3 4 6 7 8 10 13 15 19 | 19.1
Dodging        | 3 4 6 7 9 10 | 10.7
Stealth        | 1 2 3 4 |  4.4
Shields        | 2 9 |  9.2

Action                   |  1- 3 |  4- 6 |  7- 9 | 10-12 | 13-15 || total
-------------------------+-------+-------+-------+-------+-------++-------
Melee: Hand axe          |    21 |    24 |    41 |       |       ||    86
       Headbutt          |     2 |     3 |    16 |    32 |    37 ||    90
       Punch             |       |       |     1 |       |       ||     1
       Executioner's axe |       |       |    21 |   135 |       ||   156
       Broad axe         |       |       |       |    50 |   129 ||   179
Invok: Berserk           |     3 |     3 |     6 |     9 |     3 ||    24
  Use: Potion            |     1 |       |       |       |       ||     1
       Scroll            |       |       |       |     6 |       ||     6
Armor: Animal skin       |     5 |       |       |       |       ||     5
       Ring mail         |       |       |     6 |       |       ||     6
       Chain mail        |       |       |       |    10 |       ||    10
       Plate armour      |       |       |       |    56 |    21 ||    77
Dodge: Dodged            |     6 |     6 |    26 |    65 |    17 ||   120
Block: Kite shield       |       |       |       |    11 |    47 ||    58

Table legend: (Time is in decaauts)
 A = Elapsed time spent in this place.
 B = Non-inter-level travel time spent in this place.
 C = Inter-level travel time spent in this place.
 D = Time resting spent in this place.
 E = Time spent auto-exploring this place.
 F = Levels seen in this place.
 G = Mean time per level.
                   A        B        C        D        E       F      G
               +--------+--------+--------+--------+--------+-----+--------+
         Total |   6536 |   6536 |      0 |   4719 |      1 |   1 | 6536.0 |
       Dungeon |   6536 |   6536 |      0 |   4719 |      1 |   1 | 6536.0 |
               +--------+--------+--------+--------+--------+-----+--------+

Top non-repeatable levels by time:
       D: 6536 daAuts
